 Dungeon Crawl Stone Soup version 0.30-a0-165-g1891117ce2 (webtiles) character file.

Game seed: 4866851150856014152

46 KennySheep the Slasher (level 3, 22/22 HPs)
             Began as a Tengu Gladiator on Sept 29, 2022.
             Was an Initiate of Yredelemnul.
             Got out of the dungeon alive.
             The game lasted 00:03:11 (1261 turns).

KennySheep the Slasher (Tengu Gladiator)            Turns: 1261, Time: 00:03:12

Health: 22/22      AC:  3    Str: 14    XL:     3   Next: 66%
Magic:  4/4        EV: 13    Int:  8    God:    Yredelemnul [......]
Gold:   32         SH:  0    Dex: 17    Spells: 2/2 levels left

rFire   . . .      SeeInvis .    a - +0 long sword
rCold   . . .      Faith    .    (no shield)
rNeg    . . .      Spirit   .    b - +0 leather armour
rPois   .          Reflect  .    c - +0 hat
rElec   .          Harm     .    (no cloak)
rCorr   .          Rampage  .    (no gloves)
Will    .....                    (boots unavailable)
Stlth   ++........               (no amulet)
HPRegen 0.07/turn                (no ring)
MPRegen 0.09/turn                (no ring)

@: no status effects
A: beak, talons 3
a: Renounce Religion, Recall Undead Harvest


You escaped.
You worshipped Yredelemnul.
Yredelemnul was noncommittal.
You visited 1 branch of the dungeon, and saw 2 of its levels.

You collected 32 gold pieces.

Inventory:

Hand Weapons
 a - a +0 long sword (weapon)
Missiles
 d - 3 throwing nets (quivered)
 e - a javelin
Armour
 b - a +0 leather armour (worn)
 c - a +0 hat (worn)
Jewellery
 m - a ring of willpower
Scrolls
 h - 2 scrolls of noise {unknown}
 i - 2 scrolls of identify {unknown}
 l - a scroll of enchant armour {unknown}
 o - 3 scrolls of vulnerability {unknown}
Potions
 f - 2 potions of magic {unknown}
 g - a potion of attraction {unknown}
 j - 2 potions of heal wounds {unknown}
 k - a potion of curing {unknown}
 n - a potion of flight {unknown}


   Skills:
 + Level 2.4 Fighting
 * Level 4.0 Long Blades
 - Level 2.2 Throwing
 + Level 3.6 Dodging
 + Level 1.1 Stealth
 + Level 0.1 Invocations


You had 2 spell levels left.
You didn't know any spells.
Your spell library contained the following spells:

 Spells                   Type           Power      Damage    Failure   Level
 Gell's Gravitas          Tloc           0%         N/A       86%         3
 Lesser Beckoning         Tloc           0%         N/A       86%         3
 Teleport Other           Tloc           0%         N/A       86%         3


Dungeon Overview and Level Annotations

Branches:
Dungeon (2/15)

Altars:
Yredelemnul


Innate Abilities, Weirdness & Mutations

You have a beak for a mouth.
You have claws for feet.


Message History

Done exploring.
Done exploring.
No target in view!
No target in view!
You swap places.
You swap places.
You swap places.
You swap places.
You swap places.
You swap places.
You swap places.
You swap places.
You swap places.
You swap places.
You swap places.
You swap places.
There is a stone staircase leading down here.
You climb downwards.
Your mindless puppet stays behind to rot.
There is a stone staircase leading up here.
An adder comes into view.
The helpless bat fails to defend itself.
You slash the bat!
You kill the bat!
Found a scroll labelled LIOVVY NATTAE.
The helpless adder fails to defend itself.
You slash the adder!
You kill the adder!
Your Long Blades skill increases to level 4!
No target in view!
No target in view!
There is a stone staircase leading up here.
You climb upwards.
There is a stone staircase leading down here.
You see here 4 poisoned darts.
You enter the shallow water.
Moving in this stuff is going to be slow.
There is a staircase leading out of the dungeon here.
Are you sure you want to leave the Dungeon?
This will make you lose the game!
You have escaped!

#.P..P~..P.P.P)P.~
#.~P...PP.~....~..
#..P.......P..~...
#..~....~~....~..#
#PP.~.~.PP~......#
#~.≈..P~.~~.....##
#~≈~~~........###
#.≈PP~....#####
#@~~P.#..##
##########


There were no monsters in sight!

Vanquished Creatures
  A gnoll (D:1)
  An adder (D:2)
  2 endoplasms (D:1)
  A giant cockroach (D:1)
  5 hobgoblins (D:1)
  2 kobolds (D:1)
  2 quokkas (D:1)
  2 ball pythons (D:1)
  2 bats
  2 goblins (D:1)
  3 rats (D:1)
23 creatures vanquished.

Vanquished Creatures (collateral kills)
  A hobgoblin (D:1)
  A quokka (D:1)
2 creatures vanquished.

Grand Total: 25 creatures vanquished

Notes
Turn   | Place    | Note
-------+----------+-------------------------------------------
     0 | D:1      | KennySheep the Tengu Gladiator began the quest for the Orb.
     0 | D:1      | Reached XP level 1. HP: 12/12 MP: 2/2
   312 | D:1      | Found a faded altar of an unknown god.
   331 | D:1      | Reached XP level 2. HP: 13/17 MP: 3/3
   414 | D:1      | Prayed at the altar of an unknown god.
   414 | D:1      | Became a worshipper of Yredelemnul the Dark
   414 | D:1      | Reached * piety under Yredelemnul
   604 | D:1      | Reached XP level 3. HP: 21/21 MP: 4/4
   606 | D:1      | Reached ** piety under Yredelemnul
   785 | D:1      | Reached skill level 1 in Stealth
  1197 | D:2      | Reached skill level 4 in Long Blades
  1261 | D:$      | Got out of the dungeon alive.

Illustrated notes

Levels and vault maps discovered:
D:1:      lemuel_arrival_muddy, layout_loops_ring, basic_ecumenical_altar,
          minmay_pentomino_x4
D:2:      layout_basic

Skill      XL: |  1  2  3 |
---------------+----------+-----
Stealth        | 1 |  1.1
Long Blades    | 4 |  4.0
Fighting       | |  2.4
Throwing       | |  2.2
Dodging        | |  3.6
Invocations    | |  0.1

Action                   || total
-------------------------++-------
Melee: Long sword        ||    44
       Peck              ||     6
       Kick              ||     8
 Stab: Sleeping          ||     3
Armor: Leather armour    ||     5
Dodge: Dodged            ||    36

Table legend: (Time is in decaauts)
 A = Elapsed time spent in this place.
 B = Non-inter-level travel time spent in this place.
 C = Inter-level travel time spent in this place.
 D = Time resting spent in this place.
 E = Time spent auto-exploring this place.
 F = Levels seen in this place.
 G = Mean time per level.
                   A        B        C        D        E       F      G
               +--------+--------+--------+--------+--------+-----+--------+
         Total |   1272 |   1193 |     79 |     76 |    937 |   2 |  636.0 |
       Dungeon |   1272 |   1193 |     79 |     76 |    937 |   2 |  636.0 |
               +--------+--------+--------+--------+--------+-----+--------+

Top non-repeatable levels by time:
     D:1: 1252 daAuts
     D:2: 19 daAuts
